General information
			
			
        
        - name: HighUpInTheSKY
 
        - type: Custom game
 
        - host: HighUpInTheSKY
 
        - saver: tera.h4x
 
        
map: EchoIsles 
        - players: 3
 
        - length: 15:28
 
        - speed: Fast
 - version: 1.22 W3XP
 - replay type:  Public
 
» download(104 KB)
Players
        team 1 (winner) 
              
              
tera.h4x (
gray | 88 APM | 1367 actions | 15:28)
              
 4 Death Knight 
 2 Death Coil
 2 Unholy Aura
 2 Lich 
 1 Frost Armor
 1 Frost Nova
 2 Goblin Alchemist 
 1 Acid Bomb
 1 Chemical Rage
 
                » actions 
                
                | Assign group hotkey | 147 |  | 
| Basic commands | 27 |  | 
| Build / train | 55 |  | 
| Enter build submenu | 14 |  | 
| Enter hero's abilities submenu | 8 |  | 
| Give item / drop item | 4 |  | 
| Remove unit from queue | 6 |  | 
| Right click | 508 |  | 
| Select / deselect | 251 |  | 
| Select group hotkey | 286 |  | 
| Use ability | 61 |  | 
                1367 total
 » units 
                
                | Acolyte | 4 |  | 
| Ghoul | 10 |  | 
| Obsidian Statue | 2 |  | 
                16 total
 » upgrades
                
                | Unholy Strength | 2 |  | 
| Unholy Armor | 1 |  | 
| Ghoul Frenzy | 1 |  | 
| Web | 1 |  | 
| Destroyer Form | 1 |  | 
                6 total
 » buildings
                
                | Crypt | 1 |  | 
| Altar of Darkness | 1 |  | 
| Ziggurat | 5 |  | 
| Tomb of Relics | 1 |  | 
| Nerubian Tower | 1 |  | 
| Halls of the Dead | 1 |  | 
| Graveyard | 1 |  | 
| Black Citadel | 1 |  | 
| Sacrificial Pit | 1 |  | 
| Slaughterhouse | 1 |  | 
| Spirit Tower | 1 |  | 
                15 total
 » build order
                00:06 Crypt
00:08 Altar of Darkness
00:24 Ziggurat
00:55 Tomb of Relics
01:39 Ziggurat
02:09 Nerubian Tower
03:36 Halls of the Dead
04:30 Graveyard
04:53 Ziggurat
06:45 Black Citadel
07:05 Sacrificial Pit
07:41 Ziggurat
07:47 Slaughterhouse
12:32 Ziggurat
14:32 Spirit Tower
» items
                
                | Rod of Necromancy | 2 |  | 
| Dust of Appearance | 2 |  | 
| Staff of Teleportation | 1 |  | 
| Boots of Speed | 1 |  | 
| Orb of Corruption | 1 |  | 
| Claws of Attack +6 | 1 |  | 
| Claws of Attack +9 | 1 |  | 
| Gloves of Haste | 1 |  | 
| Scroll of Town Portal | 1 |  | 
| Scroll of Healing | 1 |  | 
                12 total
  
               team 2 (loser) 
              
              
TIMG4STRok (
red | 190 APM | 2939 actions | 15:26)
              
 2 Blademaster 
 1 Wind Walk
 1 Critical Strike
 2 Shadow Hunter 
 1 Hex
 1 Healing Wave
 
                » actions 
                
                | Assign group hotkey | 26 |  | 
| Basic commands | 46 |  | 
| Build / train | 47 |  | 
| Enter build submenu | 14 |  | 
| Enter hero's abilities submenu | 4 |  | 
| Give item / drop item | 3 |  | 
| Right click | 1679 |  | 
| Select / deselect | 165 |  | 
| Select group hotkey | 880 |  | 
| Use ability | 75 |  | 
                2939 total
 » units 
                
                | Peon | 7 |  | 
| Grunt | 5 |  | 
| Raider | 4 |  | 
| Spirit Walker | 1 |  | 
| Troll Batrider | 3 |  | 
                20 total
 » upgrades
                
                | Ensnare | 1 |  | 
| Pillage | 1 |  | 
| Spirit Walker Training | 1 |  | 
| Berserker Strength | 1 |  | 
| Melee Weapons | 1 |  | 
| Troll Regeneration | 1 |  | 
                6 total
 » buildings
                
                | Altar of Storms | 1 |  | 
| Orc Burrow | 5 |  | 
| Barracks | 1 |  | 
| Stronghold | 1 |  | 
| Voodoo Lounge | 1 |  | 
| Beastiary | 2 |  | 
| Spirit Lodge | 1 |  | 
| War Mill | 1 |  | 
| Fortress | 1 |  | 
                14 total
 » build order
                00:04 Altar of Storms
00:09 Orc Burrow
00:42 Barracks
01:24 Orc Burrow
02:40 Stronghold
03:49 Orc Burrow
03:58 Voodoo Lounge
05:08 Beastiary
06:21 Spirit Lodge
08:21 Beastiary
09:11 Orc Burrow
10:50 Orc Burrow
10:51 War Mill
14:31 Fortress
» items
                
                | Healing Salve | 4 |  | 
| Lesser Clarity Potion | 4 |  | 
| Dust of Appearance | 1 |  | 
| Boots of Speed | 1 |  | 
| Scroll of Town Portal | 2 |  | 
                12 total
  
               refereesHighUpInTheSKY Chat log
          (00:09 / All) HighUpInTheSKY: hg
(00:11 / All) HighUpInTheSKY: hf
(00:13 / All) TIMG4STRok: gl hf
(00:16 / All) TIMG4STRok: almost did a hu build ehehe
(00:16 / All) tera.h4x: i always lost to orc on ei
(00:17 / All) tera.h4x: hf
(00:35 / All) HighUpInTheSKY: if i tab will it lag?
(00:40 / All) tera.h4x: dunno
(00:41 / All) TIMG4STRok: lets find out
(00:44 / All) tera.h4x: depends on your conn and PC
(00:49 / All) HighUpInTheSKY: hope you dont mind my 15 torrents
(01:00 / All) TIMG4STRok: nah i got good ping so far
(01:03 / All) tera.h4x: same
(01:13 / All) HighUpInTheSKY: swedish internet second only to japanese
(01:24 / All) tera.h4x: japan got good internet?:(
(01:29 / All) HighUpInTheSKY: apparently
(01:32 / All) tera.h4x: what for
(01:34 / All) HighUpInTheSKY: didnt know either
(01:42 / All) HighUpInTheSKY: but they dont game
(01:44 / All) HighUpInTheSKY: so who cares
(01:46 / All) HighUpInTheSKY: sweden #1
(05:35 / All) TIMG4STRok: owops
(05:54 / All) TIMG4STRok: 777777
(07:08 / All) TIMG4STRok: do you really need boots on the fastest thing in the game
(07:12 / All) tera.h4x: yes
(07:36 / All) tera.h4x: to stay fast while hexed
(07:47 / All) HighUpInTheSKY: it works like that?
(12:51 / All) TIMG4STRok: man why do you have to be an ud player
(13:13 / All) HighUpInTheSKY: real men play random
(13:22 / All) TIMG4STRok: was going to random until i saw ud
(13:31 / All) tera.h4x: picking orc
(13:34 / All) tera.h4x: is working great
(13:38 / All) HighUpInTheSKY: olol
(14:00 / All) HighUpInTheSKY: god damn that lich is sick
(15:26 / All) TIMG4STRok: \gg